 Dungeon Crawl Stone Soup version 0.22-a0-458-gb446440 (webtiles) character file.

38615 KristoblXynda the Grappler (level 13, -12/118 HPs)
             Began as a Troll Wizard on June 8, 2018.
             Was an Elder of Ashenzari.
             Hit by a large rock thrown by a stone giant (33 damage)
             ... on level 2 of the Orcish Mines.
             The game lasted 00:51:38 (15891 turns).

KristoblXynda the Grappler (Troll Wizard)          Turns: 15891, Time: 00:51:38

Health: -12/118    AC: 12    Str: 18    XL:     13   Next: 64%
Magic:  11/16      EV:  9    Int: 18    God:    Ashenzari [****..]
Gold:   1654       SH: 12    Dex: 12    Spells: 9/16 levels left

rFire    . . .     SeeInvis +     - Unarmed
rCold    + . .     Gourm    +   L - +2 shield {rC+} (curse)
rNeg     . . .     Faith    .   w - +0 steam dragon scales
rPois    +         Spirit   .   m - +2 hat
rElec    .         Reflect  .   C - +1 cloak
rCorr    .         Harm     .   (gloves unavailable)
MR       .....     Clarity  +   (boots unavailable)
Stlth    ++........             i - amulet of regeneration (curse)
HPRegen  1.09/turn              F - +4 ring of dexterity (curse)
MPRegen  0.15/turn              h - ring of poison resistance (curse)

@: no status effects
A: large, unfitting armour, claws 3, fast metabolism 3, gourmand, regeneration
1, shaggy fur 1, tough skin 2
a: Curse Item, Scrying, Renounce Religion


You were on level 2 of the Orcish Mines.
You worshipped Ashenzari.
Ashenzari was greatly pleased with you.
You were completely stuffed.

You visited 4 branches of the dungeon, and saw 18 of its levels.
You also visited: Sewer, Ice Cave and Volcano.

You collected 1654 gold pieces.

Inventory:

Hand Weapons
 r - the +1 double sword of the Unspeakable One {flame, Str+3}
   (You found it on level 10 of the Dungeon)

   It has been specially enchanted to burn those struck by it, causing extra
   injury to most foes and up to half again as much damage against particularly
   susceptible opponents.
   Big, fiery blades are also staple armaments of hydra-hunters.
   It affects your strength (+3).
Armour
 m - a +2 hat (worn)
 w - +0 steam dragon scales (worn)
 C - a +1 cloak (worn)
 L - a cursed +2 shield of cold resistance (worn)
Jewellery
 h - a cursed ring of poison resistance (right claw)
 i - a cursed amulet of regeneration (around neck)
 z - an uncursed ring of wizardry
 F - a cursed +4 ring of dexterity (left claw)
Wands
 A - a wand of acid (8)
Scrolls
 c - 3 scrolls of fear
 f - 4 scrolls of magic mapping
 k - 4 scrolls of teleportation
 l - 3 scrolls of amnesia
 n - 4 scrolls of immolation
 p - 3 scrolls of fog
 q - 3 scrolls of enchant weapon
 x - 3 scrolls of silence
 y - a scroll of enchant armour
 H - a scroll of blinking
Potions
 a - a potion of brilliance {unknown}
 e - 6 potions of flight
 g - a potion of berserk rage
 j - 3 potions of cancellation
 o - 2 potions of invisibility
 s - 3 potions of curing
 t - 2 potions of ambrosia
 u - 2 potions of might
 v - 3 potions of agility
 D - 2 potions of mutation
 I - 5 potions of heal wounds
 K - a potion of resistance
 N - a potion of haste
Comestibles
 d - 23 rations


   Skills:
 - Level 5.3 Fighting
 + Level 1.5 Dodging
 - Level 1.0 Stealth
 + Level 4.4(6.6) Shields
 + Level 13.8 Unarmed Combat
 - Level 2.0 Spellcasting
 + Level 11.5(14.6) Conjurations
   Level 0.6(2.2) Summonings
   Level 0.6(2.2) Translocations
 - Level 6.4(10.0) Evocations


You had 9 spell levels left.
You knew the following spells:

 Your Spells              Type           Power        Failure   Level  Hunger
a - Magic Dart            Conj           ####         1%          1    #......
b - Mephitic Cloud        Conj/Pois/Air  ###.....     11%         3    ###....
c - Regeneration          Chrm/Necr      #.........   58%         3    ###....

Your spell library contained the following spells:

 Spells                   Type           Power        Failure   Level  Hunger
 Apportation              Tloc           #.....       12%         1    #......
 Conjure Flame            Conj/Fire      ####....     4%          3    ###....
 Slow                     Hex            #.......     36%         2    ###....
 Throw Frost              Conj/Ice       ####..       1%          2    ###....
 Summon Small Mammal      Summ           #...         12%         1    #......
 Blink                    Tloc           N/A          19%         2    ###....
 Animate Dead             Necr           N/A          94%         4    #####..
 Pain                     Necr           #...         24%         1    #......
 Animate Skeleton         Necr           N/A          24%         1    #......
 Vampiric Draining        Necr           #.........   58%         3    ###....
 Freeze                   Ice            #...         24%         1    #......
 Summon Ice Beast         Ice/Summ       #.......     86%         4    #####..
 Ozocubu's Armour         Chrm/Ice       #.......     58%         3    ###....
 Call Imp                 Summ           #.......     19%         2    ###....
 Spider Form              Tmut/Pois      #.........   58%         3    ###....
 Blade Hands              Tmut           #.........   100%        5    ######.
 Ice Form                 Ice/Tmut       #.......     94%         4    #####..
 Throw Icicle             Conj/Ice       ####....     13%         4    #####..
 Confusing Touch          Hex            #.....       24%         1    #......
 Sticks to Snakes         Tmut           #.......     36%         2    ###....
 Beastly Appendage        Tmut           #.....       24%         1    #......


Dungeon Overview and Level Annotations

Branches:
Dungeon (13/15)            Temple (1/1) D:5            Lair (2/6) D:9
    Orc (2/2) D:9             Elf (0/3) Orc:2        Vaults (0/5) D:13
  Swamp: Lair:2-4    Shoals: Lair:2-4     Snake: Lair:2-4    Spider: Lair:2-4

Altars:
Ashenzari
Cheibriados
Dithmenos
Elyvilon
Fedhas
Gozag
Hepliaklqana
Kikubaaqudgha
Makhleb
Nemelex Xobeh
Okawaru
Qazlal
Ru
Sif Muna
Trog
Uskayaw
Vehumet
Wu Jian
Xom
Yredelemnul
Zin
The Shining One
Beogh

Shops:
D:4 ?

Annotations:
Lair:2 Qupu's ghost, journeyman TrMo


Innate Abilities, Weirdness & Mutations

You are too large for most types of armour.
You have claws for hands.
Your metabolism is lightning-fast.
You like to eat raw meat.
Your natural rate of healing is unusually fast.
You are covered in fur. (AC +1)
You have very tough skin. (AC +2)


Message History

The ball explodes into a vile cloud!
The stinking cloud engulfs the stone giant.
The stone giant is moderately wounded.
The stinking cloud engulfs you!
The stone giant is engulfed in noxious fumes.
The stone giant appears confused.
The stone giant hits you!!
* * * LOW HITPOINT WARNING * * *
You scratch the stone giant but do no damage.
The stone giant is moderately wounded.
The stone giant is engulfed in noxious fumes.
Okay, then.
The stone giant seems less confused.
The stone giant throws a large rock.
You block the large rock.
You see here a large rock.
The stone giant throws a large rock.
The large rock hits you.
* * * LOW HITPOINT WARNING * * *
You see here a large rock.
There is a stone staircase leading up here.
The stone giant throws a large rock.
The large rock hits you!!
You die...

, ...*#.###...........## #......
,, ....#..#.............###......
.......##..................... ,
.......#.....#...........<.... *
#...........###............## ,
#..........## #............# *#
*#..........#####..........###
#.##......C.....##............#.
#..............@)#............##
#.##.....#....(...............#.
{+.#......##..(..))..............
+........###.........#####......
#......### ##.......## #.......
#.....## #........# ##.#....
#....## ##...#.### ###....
##....## ###.### ##.## ......(#*
#..# ##.#


You could see a stone giant.

Vanquished Creatures
  An orc warlord (Orc:1)
  A white draconian (IceCv)
  An ice dragon (D:10)
  A hydra (Lair:1)
  A vault guard (D:12)
  The ghost of xccam the Transmogrifier, a journeyman DrTm of Qazlal (Lair:1)
  3 two-headed ogres
  The ghost of nikopol the Thaumaturge, a journeyman DEFE of Vehumet (Lair:2)
  Nergalle (D:11)
  An orc knight (Orc:1)
  Pikel (D:6)
  A wolf spider zombie (D:12)
  An orc sorcerer (Orc:1)
  4 ugly things
  2 manticores
  Maurice (D:8)
  2 ice statues (IceCv)
  A toenail golem (Volcano)
  A cyclops (D:11)
  A guardian serpent (shapeshifter) (D:13)
  A black mamba (Lair:2)
  2 molten gargoyles (Volcano)
  A spiny frog (Lair:1)
  A rime drake (Lair:2)
  2 efreet (Volcano)
  4 komodo dragons
  14 polar bears (IceCv)
  4 trolls
  Grinder (D:5)
  6 hippogriffs
  A shadow (D:11)
  3 wyverns
  A basilisk (Lair:1)
  21 yaks
  3 fire elementals (Volcano)
  A steam dragon (D:7)
  3 hungry ghosts
  A warg (Orc:2)
  A water moccasin (D:12)
  8 porcupines
  2 black bears
  6 phantoms
  4 slaves (D:6)
  3 sky beasts
  An eye of draining (D:13)
  6 ice beasts
  A hornet zombie (D:13)
  7 ogres
  24 orc warriors
  A necrophage (D:12)
  22 wolves
  4 centaurs
  7 crocodiles
  8 big kobolds
  Blork the orc (D:6)
  10 bullfrogs
  2 earth elementals (Volcano)
  A wyvern skeleton (D:10)
  A scorpion (D:9)
  11 killer bees
  4 wights (D:9)
  5 howler monkeys
  An electric eel (D:10)
  6 crimson imps
  A bullfrog zombie (D:5)
  A centaur zombie (D:9)
  3 jellies
  3 hounds
  A bullfrog skeleton (D:13)
  3 centaur skeletons
  11 orc priests
  17 orc wizards
  A hell rat (Lair:1)
  9 worker ants
  2 hound skeletons (D:5)
  A howler monkey zombie (D:10)
  A worker ant zombie (D:6)
  A gnoll (D:1)
  16 adders
  9 river rats
  A shadow imp (D:12)
  12 white imps (D:12)
  2 adder zombies
  6 oozes (Sewer)
  3 adder skeletons
  10 worms
  2 dart slugs
  6 leopard geckos
  85 orcs
  8 giant cockroaches
  7 hobgoblins
  5 jackals
  3 quokkas
  2 ball pythons (Sewer)
  4 bats
  6 frilled lizards
  11 goblins
  A jackal skeleton (D:4)
  26 kobolds
  2 leopard gecko skeletons
  18 rats
  A fire vortex (Volcano)
545 creatures vanquished.

Vanquished Creatures (others)
  A polar bear (IceCv)
  2 orcs (D:13)
  3 fire vortices (Volcano)
  5 fungi
  4 plants
15 creatures vanquished.

Grand Total: 560 creatures vanquished

Notes
Turn   | Place    | Note
-------+----------+-------------------------------------------
     0 | D:1      | KristoblXynda the Troll Wizard began the quest for the Orb.
     0 | D:1      | Reached XP level 1. HP: 16/16 MP: 2/2
    73 | D:1      | Reached skill level 1 in Unarmed Combat
    73 | D:1      | Reached skill level 1 in Conjurations
    73 | D:1      | Reached XP level 2. HP: 10/24 MP: 0/4
   263 | D:1      | Reached XP level 3. HP: 27/31 MP: 5/5
   894 | D:2      | Reached skill level 2 in Unarmed Combat
  1305 | D:2      | Noticed a water elemental
  1307 | D:2      | Found a stormy altar of Qazlal.
  1308 | D:2      | Noticed a fire elemental
  1308 | D:2      | Noticed an earth elemental
  1308 | D:2      | Noticed an air elemental
  1372 | D:3      | Reached XP level 4. HP: 35/39 MP: 6/6
  1607 | D:3      | Reached skill level 3 in Unarmed Combat
  1625 | D:3      | Reached XP level 5. HP: 22/45 MP: 7/7
  1673 | D:3      | Learned a level 3 spell: Mephitic Cloud
  1978 | D:4      | Noticed an ogre
  1985 | D:4      | Killed an ogre
  2003 | D:4      | Reached skill level 4 in Unarmed Combat
  2003 | D:4      | Reached XP level 6. HP: 45/53 MP: 6/8
  2329 | D:4      | Found a snail-covered altar of Cheibriados.
  2497 | D:4      | Found Teuschoe's Magic Scroll Boutique.
  2547 | D:4      | Reached skill level 5 in Unarmed Combat
  2732 | D:5      | Entered Level 5 of the Dungeon
  2744 | D:5      | Reached XP level 7. HP: 32/59 MP: 6/9
  2758 | D:5      | Noticed Grinder
  2847 | D:5      | Paralysed by Grinder for 4 turns
  2866 | D:5      | Killed Grinder
  3072 | D:5      | Reached skill level 6 in Unarmed Combat
  3126 | D:5      | Reached XP level 8. HP: 39/67 MP: 10/10
  3140 | D:5      | Reached skill level 5 in Conjurations
  3350 | D:5      | Found a staircase to the Ecumenical Temple.
  3373 | Temple   | Entered the Ecumenical Temple
  3611 | D:5      | Found a glowing golden altar of the Shining One.
  3703 | D:6      | Noticed Blork the orc
  3711 | D:6      | Killed Blork the orc
  3716 | D:6      | Reached skill level 7 in Unarmed Combat
  3850 | D:6      | Found a glowing drain.
  3861 | Sewer    | Entered a sewer
  4169 | Sewer    | Reached skill level 8 in Unarmed Combat
  4459 | D:6      | Noticed Pikel
  4486 | D:6      | Killed Pikel
  4486 | D:6      | Reached XP level 9. HP: 67/74 MP: 5/11
  4655 | D:6      | Found a stormy altar of Qazlal.
  4970 | D:7      | Reached skill level 9 in Unarmed Combat
  5173 | D:7      | Found a bloodstained altar of Trog.
  5305 | D:7      | Found a sacrificial altar of Ru.
  5309 | D:7      | Found a deep blue altar of Sif Muna.
  5312 | D:7      | Found a shattered altar of Ashenzari.
  5387 | D:7      | Became a worshipper of Ashenzari the Shackled
  5826 | D:8      | Noticed Maurice
  5866 | D:8      | Reached skill level 10 in Unarmed Combat
  5900 | D:8      | Killed Maurice
  5900 | D:8      | Reached XP level 10. HP: 69/81 MP: 3/12
  6373 | D:9      | Noticed a two-headed ogre
  6393 | D:9      | Killed a two-headed ogre
  6556 | D:9      | Reached * piety under Ashenzari
  6606 | D:9      | Got the cursed dagger "Besitu" {pierce, *Drain rElec Str+2 Dex+4}
  6721 | D:9      | Reached skill level 1 in Fighting
  6857 | D:9      | Found a roughly hewn altar of Beogh.
  6857 | D:9      | Found a staircase to the Orcish Mines.
  6884 | D:9      | Reached skill level 11 in Unarmed Combat
  6920 | D:9      | Found a shimmering altar of Xom.
  7171 | D:9      | Reached ** piety under Ashenzari
  7366 | D:9      | Found a staircase to the Lair.
  7568 | Orc:1    | Entered Level 1 of the Orcish Mines
  7574 | Orc:1    | Noticed an orc sorcerer
  7591 | Orc:1    | Killed an orc sorcerer
  7630 | Orc:1    | Found a dark tunnel.
  7633 | Volcano  | Entered a volcano
  7700 | Volcano  | Noticed a toenail golem
  7709 | Volcano  | Killed a toenail golem
  7709 | Volcano  | Reached XP level 11. HP: 93/96 MP: 13/13
  7758 | Volcano  | Noticed a lindwurm
  7758 | Volcano  | Noticed a lindwurm
  8725 | Orc:1    | Noticed an orc knight
  8725 | Orc:1    | Noticed an orc warlord
  8812 | D:10     | Entered Level 10 of the Dungeon
  8815 | D:10     | Reached skill level 1 in Evocations
  9270 | D:10     | Noticed an ice dragon
  9283 | D:10     | Killed an ice dragon
  9283 | D:10     | Reached skill level 10 in Conjurations
  9531 | D:10     | Got the cursed double sword of the Unspeakable One {flame, Str+3}
  9533 | D:10     | Got the rapier of Uncomfortable Rashes {pierce, Dex+5}
  9756 | D:10     | Reached *** piety under Ashenzari
  9807 | D:11     | Noticed a two-headed ogre
  9812 | D:11     | Reached skill level 12 in Unarmed Combat
  9819 | D:11     | Killed a two-headed ogre
 10202 | D:11     | Reached skill level 5 in Fighting
 10270 | D:11     | Reached XP level 12. HP: 104/111 MP: 14/14
 10479 | D:11     | Noticed Nergalle
 10508 | D:11     | Killed Nergalle
 10722 | D:12     | Noticed a two-headed ogre
 10733 | D:12     | Killed a two-headed ogre
 10754 | D:12     | Found a frozen archway.
 10786 | IceCv    | Entered an ice cave
 10896 | IceCv    | Learned a level 3 spell: Regeneration
 11157 | IceCv    | Noticed a white draconian
 11178 | IceCv    | Killed a white draconian
 11334 | IceCv    | Got the giant spiked club "Gouhis" {drain, Str+4}
 11376 | IceCv    | Reached skill level 13 in Unarmed Combat
 11448 | IceCv    | Reached skill level 1 in Shields
 11448 | IceCv    | Reached skill level 5 in Evocations
 12467 | D:13     | Noticed a seven-headed hydra
 12541 | Lair:1   | Entered Level 1 of the Lair of Beasts
 12583 | Lair:1   | Noticed xccam's ghost (journeyman DrTm)
 12590 | Lair:1   | Reached **** piety under Ashenzari
 12734 | Lair:1   | Reached XP level 13. HP: 89/118 MP: 14/16
 13083 | Lair:1   | Identified the cursed +1 double sword of the Unspeakable One {flame, Str+3} (You found it on level 10 of the Dungeon)
 13434 | Lair:1   | Killed xccam's ghost
 13869 | Lair:2   | Noticed Qupu's ghost (journeyman TrMo)
 13970 | Lair:2   | Found a shimmering altar of Xom.
 13973 | Lair:2   | Noticed nikopol's ghost (journeyman DEFE)
 13995 | Lair:2   | Killed nikopol's ghost
 14778 | D:13     | Found a gate to the Vaults.
 15039 | Orc:1    | Killed an orc warlord
 15435 | Orc:2    | Entered Level 2 of the Orcish Mines
 15621 | Orc:2    | Found a staircase to the Elven Halls.
 15863 | Orc:2    | Noticed a stone giant
 15891 | Orc:2    | Hit by a large rock thrown by a stone giant

Vault maps used:
D:1:      dpeg_cavernosity
D:2:      nicolae_qazlal_style_of_elements
D:3:      first_ration
D:4:      marbit_many_paths, serial_shops, shop
D:5:      minmay_temple_entry_trees, tso_altar, uniq_grinder
D:6:      old_standard_altar, lightli_sewer_entry_pipes, uniq_pikel,
          uniq_blork_the_orc
D:7:      minitemple, basic_altar
D:8:      uniq_maurice
D:9:      lemuel_crystal_altar, due_lair_maze_entry_diamond, david_orc_5
D:10:     dragon1_lemuel
D:11:     serial_column_ruins, uniq_nergalle
D:12:     portal_ice_cave_entry_imps, minmay_parallelograms
D:13:     lightli_vaults_fourway_checkpoint, hangedman_stone_soup,
          nrook_pool_corridor
Temple:   eino_temple_rhombus
Lair:1:   kennysheep_abandoned_house
Lair:2:   basic_altar
Orc:1:    cheibrodos_orc_arena, nicolae_volcano_entry_hallway,
          nicolae_orc_lava_tube
Orc:2:    st_orc_rangers, serial_shops, shop, guppyfry_library_mini, uniq_sonja
Sewer:    sewer_co_tree
IceCv:    ice_cave_small_giant
Volcano:  volcano_aerie

Skill      XL: |  1  2  3  4  5  6  7  8  9 10 11 12 13 |
---------------+----------------------------------------+-----
Unarmed Combat | 1 2 3 4 5 6 8 10 11 12 13 | 13.8
Conjurations   | 1 2 3 4 6 7 9 10 11 | 11.5
Fighting       | 2 5 |  5.3
Evocations     | 3 5 6 |  6.4
Shields        | 2 4 |  4.4
Dodging        | |  1.5
Stealth        | |  1.0
Spellcasting   | |  2.0
Summonings     | |  0.6
Translocations | |  0.6

Action                   |  1- 3 |  4- 6 |  7- 9 | 10-12 | 13-15 || total
-------------------------+-------+-------+-------+-------+-------++-------
Melee: Unarmed           |   120 |   162 |   466 |   910 |   403 ||  2061
       Punch             |     1 |     1 |    12 |    26 |       ||    40
       Double sword      |       |       |       |       |    14 ||    14
 Cast: Magic Dart        |     2 |    14 |    18 |       |       ||    34
       Mephitic Cloud    |       |       |     6 |    38 |    10 ||    54
Invok: Curse Item        |       |       |     2 |     2 |       ||     4
Evoke: Wand              |       |       |     2 |    15 |     1 ||    18
  Use: Potion            |       |     3 |     1 |     5 |     2 ||    11
       Scroll            |       |     8 |     8 |     7 |     8 ||    31
 Stab: Sleeping          |     2 |     1 |     1 |     1 |     2 ||     7
       Confused          |       |       |     2 |    23 |     3 ||    28
  Eat: Chunk             |    18 |    13 |    37 |    76 |    32 ||   176
       Ration            |       |       |     1 |       |       ||     1
Armor: Robe              |    55 |    57 |   189 |   381 |       ||   682
       Steam dragon scal |       |       |       |       |   113 ||   113
Dodge: Dodged            |    71 |    66 |   194 |   337 |    86 ||   754
Block: Shield            |       |       |       |    66 |   172 ||   238
       Rpst.: Double sword |       |       |       |       |     1 ||     1

Table legend:
 A = Spawn XP
 B = Non-spawn XP
 C = Spawn XP percentage of total XP
 D = Spawn monster count
 E = Non-spawn monster count
 F = Spawn count percentage of total count
 G = Total turns spent on level
                    A         B        C        D         E        F      G
               +---------+---------+-------+---------+---------+-------+---------
         Total |       0 |   55165 |   0.0 |       0 |     541 |   0.0 | 15891
               +---------+---------+-------+---------+---------+-------+---------
           D:1 |       0 |      49 |   0.0 |       0 |      24 |   0.0 |   790
           D:2 |       0 |      44 |   0.0 |       0 |      18 |   0.0 |   577
           D:3 |       0 |     103 |   0.0 |       0 |      17 |   0.0 |   502
           D:4 |       0 |     527 |   0.0 |       0 |      20 |   0.0 |   925
           D:5 |       0 |     925 |   0.0 |       0 |      21 |   0.0 |   679
           D:6 |       0 |    1367 |   0.0 |       0 |      24 |   0.0 |   795
           D:7 |       0 |     562 |   0.0 |       0 |      10 |   0.0 |   553
           D:8 |       0 |    1728 |   0.0 |       0 |      24 |   0.0 |   871
           D:9 |       0 |    4042 |   0.0 |       0 |      69 |   0.0 |  1259
          D:10 |       0 |    3759 |   0.0 |       0 |      28 |   0.0 |   993
          D:11 |       0 |    5997 |   0.0 |       0 |      44 |   0.0 |   992
          D:12 |       0 |    5208 |   0.0 |       0 |      38 |   0.0 |   977
          D:13 |       0 |    2373 |   0.0 |       0 |      15 |   0.0 |   395
        Lair:1 |       0 |    6485 |   0.0 |       0 |      35 |   0.0 |  1239
        Lair:2 |       0 |    3970 |   0.0 |       0 |      19 |   0.0 |   602
         Orc:1 |       0 |    5256 |   0.0 |       0 |      51 |   0.0 |  1048
         Orc:2 |       0 |     988 |   0.0 |       0 |      10 |   0.0 |   456
         Sewer |       0 |     527 |   0.0 |       0 |      28 |   0.0 |   524
         IceCv |       0 |    8508 |   0.0 |       0 |      36 |   0.0 |   911
       Volcano |       0 |    2747 |   0.0 |       0 |      10 |   0.0 |   646
               +---------+---------+-------+---------+---------+-------+---------
